 Dungeon Crawl Stone Soup version 0.31-a0-1042-ga9834b393d (webtiles) character file.

Game seed: 8513273870020496352

368 Dirtsage the Chopper (level 6, -1/70 HPs)
             Began as a Demonspawn Berserker on Nov 20, 2023.
             Was a Priest of Trog.
             Slain by an orc wizard
             ... wielding a +0 dagger of protection
              (4 damage)
             ... on level 4 of the Dungeon.
             The game lasted 00:05:06 (3230 turns).

Dirtsage the Chopper (Demonspawn Berserker)         Turns: 3230, Time: 00:05:07

Health: -1/70      AC:  8    Str: 19    XL:     6   Next: 41%
Magic:  6/6        EV: 10    Int:  9    God:    Trog [***...]
Gold:   164        SH:  0    Dex: 14    Spells: 5/5 levels left

rFire   . . .        b - +0 hand axe (drain)
rCold   + . .        (no shield)
rNeg    . . .        s - +1 scale mail {rC+}
rPois   .            u - +0 helmet
rElec   .            (no cloak)
rCorr   .            (no gloves)
SInv    .            (no boots)
Will    .....        d - amulet of magic regeneration Stlth
                     (no ring)
HPRegen 0.31/turn    (no ring)
MPRegen 0.50/turn

%: no passive effects
@: berserking, very quick
A: thin skeletal structure 1, ignite blood 1
a: Renounce Religion, Berserk, Trog's Hand


You were on level 4 of the Dungeon.
You worshipped Trog.
Trog was most pleased with you.
You visited 1 branch of the dungeon, and saw 4 of its levels.

You collected 164 gold pieces.

Inventory:

Hand Weapons
 b - a +0 hand axe of draining (weapon)
 m - a +1 flail of protection
Armour
 s - a +1 scale mail of cold resistance (worn)
 u - a +0 helmet (worn)
Jewellery
 d - an amulet of magic regeneration (around neck)
Wands
 q - a wand of flame (10)
Scrolls
 c - a scroll of enchant weapon
 e - a scroll of noise {unknown}
 f - a scroll of teleportation {unknown}
 j - a scroll of revelation
 p - a scroll of immolation
Potions
 a - a potion of brilliance {unknown}
 g - a potion of might {unknown}
 k - 2 potions of heal wounds {unknown}
 l - 3 potions of curing {unknown}
 n - a potion of lignification {unknown}
 o - a potion of resistance {unknown}
 r - a potion of ambrosia {unknown}
 t - a potion of magic {unknown}


   Skills:
 - Level 3.0 Fighting
 + Level 6.7 Axes
 - Level 1.7 Armour
 - Level 1.7 Dodging


You had 5 spell levels left.
You didn't know any spells.
Your spell library contained the following spells:

 Spells                   Type           Power      Damage    Failure   Level
 Sting                    Tmut/Pois      0%         1d3       77%         1
 Poisonous Vapours        Pois/Air       0%         N/A       88%         2
 Volatile Blastmotes      Fire/Tloc      0%         2d10      98%         3
 Fulminant Prism          Conj/Hex       0%         3d5       100%        4
 Iskenderun's Mystic Bla  Conj/Tloc      0%         2d3       100%        4
 Olgreb's Toxic Radiance  Pois           0%         N/A       100%        4


Dungeon Overview and Level Annotations

Branches:
Dungeon (4/15)
 Temple: D:4-7

Altars:
Hepliaklqana
Qazlal
Trog

Shops:
D:1 (


Innate Abilities, Weirdness & Mutations

You have a somewhat thin skeletal structure. (Dex +2, Stealth+)
Your demonic aura sometimes causes spilled blood to erupt in flames.


Message History

You take 4 damage, and have 40/47 hp.
You barely miss the orc wizard. You hit the orc.
The orc is engulfed in blazing flames.
You kill the orc!
Trog accepts your kill.
The orc priest looks satisfied for a moment.
The orc wizard mumbles some strange words.
The orc wizard flickers and vanishes!
Deactivating autopickup; reactivate with Ctrl-A.
You closely miss something. You hit the orc but do no damage.
You drain the orc. The orc closely misses you.
Something hits you but does no damage.
You closely miss something. You barely miss the orc.
The orc hits you with a +0 whip.
The orc priest calls down the wrath of Beogh upon you.
Beogh smites you! Something hits you but does no damage.
You take 14 damage, and have 26/47 hp.
MASSIVE DAMAGE!!
You hit the orc but do no damage. You drain the orc.
The orc is severely wounded.
You miss something. The orc hits you with a +0 whip.
The orc priest invokes the aid of Beogh against you.
Beogh smites you!
* * * LOW HITPOINT WARNING * * *
You hear some strange, mumbled words.
A magic dart appears from out of thin air!
The magic dart hits you but does no damage.
You take 14 damage, and have 12/47 hp.
MASSIVE DAMAGE!!
A red film seems to cover your vision as you go berserk!
You feel yourself moving faster!
You feel mighty! The orc hits you with a +0 whip.
* * * LOW HITPOINT WARNING * * *
You now have 17/70 hp.
You barely miss the orc.
The orc is severely wounded.
You closely miss something. The orc hits you but does no damage.
The orc priest invokes the aid of Beogh against you.
Beogh smites you!
* * * LOW HITPOINT WARNING * * *
Something hits you.
You die...

#.# #.....# #.#
#..# #.....# #.##
#?...#.##.... #..#
......# ####.
##..# #...... .
##...## #...... .
##.....### .......
#........##.......
##.###...@.o......
## ##..{o.......
##..........
##.........
#.........
#.##....## ..#
##### .## ..


You could see an orc priest and an orc (very drained).

Vanquished Creatures
  2 hounds (D:4)
  A jelly (D:3)
  2 orc priests
  Ijyb (D:3)
  Robin (D:4)
  8 adders
  2 worms
  2 dart slugs (D:2)
  9 orcs
  6 endoplasms
  6 giant cockroaches
  12 goblins
  9 hobgoblins
  8 jackals
  2 quokkas (D:1)
  3 ball pythons
  3 bats
  4 frilled lizards
  5 kobolds
  5 rats
91 creatures vanquished.

Notes
Turn   | Place    | Note
-------+----------+-------------------------------------------
     0 | D:1      | Dirtsage the Demonspawn Berserker began the quest for the
                  | Orb.
     0 | D:1      | Reached XP level 1. HP: 18/18 MP: 1/1
   196 | D:1      | Found a faded altar of an unknown god.
   289 | D:1      | Found Geush's Weapon Boutique.
   346 | D:1      | Reached skill level 3 in Axes
   632 | D:1      | Gained mutation: You have a somewhat thin skeletal
                  | structure. (Dex +2, Stealth+) [demonic ancestry]
   632 | D:1      | Reached XP level 2. HP: 24/24 MP: 2/2
  1202 | D:2      | Gained mutation: Your demonic aura sometimes causes spilled
                  | blood to erupt in flames. [demonic ancestry]
  1202 | D:2      | Reached XP level 3. HP: 23/29 MP: 3/3
  1278 | D:2      | Reached ** piety under Trog
  1279 | D:2      | Reached skill level 4 in Axes
  1384 | D:2      | Reached XP level 4. HP: 35/35 MP: 4/4
  1447 | D:2      | Reached skill level 5 in Axes
  1797 | D:3      | Noticed Ijyb
  1813 | D:3      | Killed Ijyb
  1814 | D:3      | Reached XP level 5. HP: 41/41 MP: 5/5
  2146 | D:3      | Found a bloodstained altar of Trog.
  2147 | D:3      | Found a hazy altar of Hepliaklqana.
  2147 | D:3      | Found a stormy altar of Qazlal.
  2557 | D:4      | Reached skill level 6 in Axes
  2623 | D:4      | Noticed Robin
  2628 | D:4      | Reached XP level 6. HP: 47/47 MP: 6/6
  2636 | D:4      | Reached *** piety under Trog
  2648 | D:4      | Killed Robin
  3230 | D:4      | HP: 3/70 [orc priest/divine providence (14)]
  3230 | D:4      | Slain by an orc wizard

Illustrated notes

Levels and vault maps discovered:
D:1:      ebering_hopf_link, layout_loops_corners, serial_shops,
          nicolae_shop_bloodbath_and_beyond, hellmonk_ecumenical_altar_zigzags,
          serial_forest, infiniplex_forest_lined_ring,
          infiniplex_forest_corner_1, infiniplex_forest_straight_2,
          infiniplex_forest_end_1, infiniplex_forest_end_1,
          infiniplex_forest_lined_3, infiniplex_forest_straight_2,
          infiniplex_forest_lined_1, infiniplex_forest_end_2,
          infiniplex_forest_lined_ring, minmay_liquid_box
D:2:      layout_rooms
D:3:      layout_loops_ring, grunt_temple_overflow_open, uniq_ijyb
D:4:      layout_cave_pods, kennysheep_little_box, uniq_robin

Skill      XL: |  1  2  3  4  5 |
---------------+----------------+-----
Axes           | 3 4 5 6 |  6.7
Fighting       | |  3.0
Armour         | |  1.7
Dodging        | |  1.7

Action                     |  1- 3 |  4- 6 || total
---------------------------+-------+-------++-------
  Melee: Hand axe          |    99 |   187 ||   286
         Punch             |       |     5 ||     5
 Invoke: Berserk           |     1 |     4 ||     5
    Use: Scroll            |       |     3 ||     3
 Armour: Chain mail        |    81 |    56 ||   137
         Animal skin       |     6 |       ||     6
         Scale mail        |       |    80 ||    80
  Dodge: Dodged            |    61 |    99 ||   160

Table legend: (Time is in decaauts)
 A = Elapsed time spent in this place.
 B = Non-inter-level travel time spent in this place.
 C = Inter-level travel time spent in this place.
 D = Time resting spent in this place.
 E = Time spent auto-exploring this place.
 F = Levels seen in this place.
 G = Mean time per level.
                   A        B        C        D        E       F      G
               +--------+--------+--------+--------+--------+-----+--------+
         Total |   3278 |   3188 |     90 |    117 |   2517 |   4 |  819.5 |
       Dungeon |   3278 |   3188 |     90 |    117 |   2517 |   4 |  819.5 |
               +--------+--------+--------+--------+--------+-----+--------+

Top non-repeatable levels by time:
     D:1: 1168 daAuts
     D:3: 863 daAuts
     D:4: 770 daAuts
     D:2: 476 daAuts
